 Dungeon Crawl Stone Soup version 0.30-a0-782-ge64f9170bb (webtiles) character file.

Game seed: 14871850525831223914

34 TKaos the Trooper (level 3, -4/40 HPs)
             Began as an Ogre Berserker on Feb 18, 2023.
             Succumbed to their own poison gas
             ... on level 2 of the Dungeon.
             The game lasted 00:10:18 (869 turns).

TKaos the Trooper (Ogre Berserker)                   Turns: 869, Time: 00:10:19

Health: -4/40      AC:  3    Str: 20 (23) XL:     3   Next: 31%
Magic:  3/3        EV:  9    Int:  6 (8)  God:
Gold:   49         SH:  0    Dex:  5 (8)  Spells: 2/2 levels left

rFire   . . .      SeeInvis .    f - +1 short sword (elec)
rCold   . . .      Faith    .    (no shield)
rNeg    . . .      Spirit   .    b - +0 animal skin
rPois   .          Reflect  .    (helmet restricted)
rElec   .          Harm     .    (no cloak)
rCorr   .          Rampage  .    (gloves unavailable)
Will    .....                    (boots unavailable)
Stlth   +                        (no amulet)
HPRegen 0.26/turn                (no ring)
MPRegen 0.08/turn                (no ring)

@: lethally poisoned (-4 -> -52), attractive
A: large, unfitting armour, tough skin 1
a: no special abilities


You were on level 2 of the Dungeon.
You visited 1 branch of the dungeon, and saw 2 of its levels.

You collected 49 gold pieces.

Inventory:

Hand Weapons
 a - a +0 mace
 f - a +1 short sword of electrocution (weapon)
Armour
 b - a +0 animal skin (worn)
Scrolls
 c - a scroll of enchant weapon {unknown}
 g - a scroll of identify {unknown}
 j - a scroll of magic mapping {unknown}
Potions
 d - a potion of might {unknown}
 e - a potion of cancellation {unknown}
 i - a potion of ambrosia {unknown}


   Skills:
 + Level 4.5 Fighting
 + Level 0.1 Short Blades
 + Level 3.1 Maces & Flails
 + Level 3.2 Dodging


You had 2 spell levels left.
You didn't know any spells.
Your spell library was empty.

Dungeon Overview and Level Annotations

Branches:
Dungeon (2/15)

Altars:


Innate Abilities, Weirdness & Mutations

You are too large for most types of armour.
You have tough skin. (AC +1)


Message History

The bat is engulfed in poison gas.
The bat is poisoned.
The bat hits you but does no damage.
The bat is engulfed in poison gas.
The bat looks even sicker.
You kill the bat!
Trog accepts your kill.
Really walk into that cloud of poison gas?
Okay, then.
As you read the scroll labelled HOGAHI XIONAE, it crumbles to dust.
You hear a loud clanging noise!
It was a scroll of noise.
You hear a shout!
You hear an angry hiss.
You hear a shout! x3
You hear an angry hiss.
You hear a shout!
Unknown command.
Okay, then.
No target in view!
No target in view!
Really renounce your faith, foregoing its fabulous benefits?
Uppercase [Y]es or [N]o only, please.
Really renounce your faith, foregoing its fabulous benefits?
Uppercase [Y]es or [N]o only, please.
Really renounce your faith, foregoing its fabulous benefits?
Are you sure?
You have lost your religion!
Trog does not appreciate desertion!
Okay, then.
Really walk into that cloud of poison gas? [Y]es or [N]o only, please.
Really walk into that cloud of poison gas?
You are engulfed in poison gas.
You are poisoned.
You feel very sick.
You are engulfed in poison gas.
You are more poisoned.
You feel very sick.
You are engulfed in poison gas.
You are more poisoned.
* * * LOW HITPOINT WARNING * * *
You feel extremely sick.
You are engulfed in poison gas.
You are more poisoned.
* * * LOW HITPOINT WARNING * * *
You die...

............
..§☼☼§○§§○§#
$.§§§○§§§§§#
..§§○§§§○○§#####.
..§§§☼§§.○§§☼....
....§§☼○○§○○..##.
......§§.☼○......
########○§##.#.##
#.§§§@# ..
####§§##☼#.. #
#..☼§...§§.#
#.##..##○### #
#.##..##.# #.
#......#.#
#.#####.####.#
... #.# #..
#.###.#


There were no monsters in sight!

Vanquished Creatures
  5 endoplasms
  2 giant cockroaches (D:1)
  2 goblins (D:1)
  2 hobgoblins (D:1)
  A quokka (D:1)
  2 ball pythons (D:1)
  5 bats
  4 frilled lizards (D:1)
  3 kobolds (D:1)
  6 rats (D:1)
32 creatures vanquished.

Notes
Turn   | Place    | Note
-------+----------+-------------------------------------------
     0 | D:1      | TKaos the Ogre Berserker began the quest for the Orb.
     0 | D:1      | Reached XP level 1. HP: 24/24 MP: 1/1
   124 | D:1      | Reached XP level 2. HP: 29/32 MP: 2/2
   452 | D:1      | Reached ** piety under Trog
   526 | D:1      | Reached XP level 3. HP: 40/40 MP: 3/3
   865 | D:2      | Fell from the grace of Trog
   869 | D:2      | Succumbed to their own poison gas

Illustrated notes

Levels and vault maps discovered:
D:1:      erik_arrival_cave_to_civilisation [erik_arrival_cave_to_hall],
          layout_basic
D:2:      layout_basic, grunt_ministairs_10, minmay_split_cup_large,
          uniq_terence

Skill      XL: |  1  2 |
---------------+-------+-----
Maces & Flails | 3 |  3.1
Dodging        | 3 |  3.2
Fighting       | |  4.5
Short Blades   | |  0.1

Action                     || total
---------------------------++-------
  Melee: Mace              ||    38
         Short sword       ||    66
         Punch             ||     2
 Invoke: Berserk           ||     1
         Renounce Religion ||     1
    Use: Scroll            ||     3
         Potion            ||     2
 Armour: Animal skin       ||    61
  Dodge: Dodged            ||    79

Table legend: (Time is in decaauts)
 A = Elapsed time spent in this place.
 B = Non-inter-level travel time spent in this place.
 C = Inter-level travel time spent in this place.
 D = Time resting spent in this place.
 E = Time spent auto-exploring this place.
 F = Levels seen in this place.
 G = Mean time per level.
                   A        B        C        D        E       F      G
               +--------+--------+--------+--------+--------+-----+--------+
         Total |    890 |    798 |     92 |      0 |      0 |   2 |  445.0 |
       Dungeon |    890 |    798 |     92 |      0 |      0 |   2 |  445.0 |
               +--------+--------+--------+--------+--------+-----+--------+

Top non-repeatable levels by time:
     D:1: 838 daAuts
     D:2: 52 daAuts
